 Dungeon Crawl Stone Soup version 0.30-a0-924-g0ad0bf95bc (webtiles) character file.

Game seed: 10147487941198852371

636 ZappyNine the Sneak (level 7, -1/59 HPs)
             Began as a Purple Draconian Enchanter on Mar 22, 2023.
             Slain by an ogre
             ... wielding a +0 giant club
              (18 damage)
             ... while paralysed by Grinder
             ... on level 6 of the Dungeon.
             The game lasted 00:09:53 (4025 turns).

ZappyNine the Sneak (Purple Draconian Enchanter)    Turns: 4025, Time: 00:09:53

Health: -1/59      AC:  9    Str: 11    XL:     7   Next: 25%
Magic:  12/13      EV:  2    Int: 15    God:
Gold:   287        SH:  0    Dex: 19    Spells: 9/14 levels left

rFire   . . .      SeeInvis .    e - +1 short sword (venom)
rCold   x . .      Faith    .    (no shield)
rNeg    . . .      Spirit   .    (body armour unavailable)
rPois   .          Reflect  .    (helmet restricted)
rElec   +          Rampage  .    u - +0 cloak
rCorr   .                        d - +0 pair of gloves
Will    ++...                    o - +0 pair of boots
Stlth   +++                      (no amulet)
HPRegen 0.29/turn                c - +6 ring of dexterity
MPRegen 0.13/turn                g - ring "Nulem" {Fly rElec rC- Will+}

@: paralysed, mighty, flying, hasted and slowed
A: breathe power, AC +6, unfitting armour, cold-blooded
a: Breathe Dispelling Energy


You were on level 6 of the Dungeon.
You visited 1 branch of the dungeon, and saw 6 of its levels.

You collected 287 gold pieces.

Inventory:

Hand Weapons
 a - a +1 dagger
 e - a +1 short sword of venom (weapon)
Armour
 d - a +0 pair of gloves (worn)
 o - a +0 pair of boots (worn)
 u - a +0 cloak (worn)
Jewellery
 c - a +6 ring of dexterity (left hand)
 g - the ring "Nulem" (right hand) {Fly rElec rC- Will+}
   (You found it on level 5 of the Dungeon)

   [ring of flight]

   rC:        It makes you vulnerable to cold.
   rElec:     It insulates you from electricity.
   Fly:       It grants you flight.
   Will:      It increases your willpower.
 h - a ring of protection from fire
Wands
 m - a wand of polymorph (11)
Scrolls
 k - a scroll of fog
Potions
 b - a potion of invisibility
 f - 4 potions of flight
 j - a potion of mutation
 q - 2 potions of lignification
 r - a potion of attraction
 t - a potion of brilliance {unknown}


   Skills:
 + Level 4.0 Fighting
 - Level 1.3 Short Blades
 - Level 1.7 Dodging
 * Level 6.2 Stealth
 + Level 4.2 Spellcasting
 - Level 3.2 Hexes
 - Level 1.6 Ice Magic


You had 9 spell levels left.
You knew the following spells:

 Your Spells              Type           Power      Damage    Failure   Level
a - Ensorcelled Hibernat  Hex/Ice        20%        N/A       10%         2
b - Confusing Touch       Hex            13%        N/A       14%         3

Your spell library contained the following spells:

 Spells                   Type           Power      Damage    Failure   Level
 Tukima's Dance           Hex            13%        N/A       14%         3
 Summon Small Mammal      Summ           12%        N/A       19%         1
 Dazzling Flash           Conj/Hex       16%        N/A       26%         3
 Summon Guardian Golem    Hex/Summ       8%         N/A       26%         3
 Call Canine Familiar     Summ           3%         N/A       47%         3
 Ignite Poison            Fire/Tmut/Pois 3%         N/A       47%         3
 Sticky Flame             Conj/Fire      3%         2d3       87%         4
 Ignition                 Fire           1%         3d3       100%        8


Dungeon Overview and Level Annotations

Branches:
Dungeon (6/15)
 Temple: D:4-7

Altars:
Gozag
Sif Muna

Annotations:
D:6 Grinder


Innate Abilities, Weirdness & Mutations

You can breathe bolts of dispelling energy.
Your rich purple scales are hard. (AC +6)
You cannot fit into any form of body armour.
You are cold-blooded and may be slowed by cold attacks.


Message History

You hit the wraith.
The wraith is almost destroyed.
The wraith hits you! The wraith drains your vigour!
You feel as though you will be slow longer.
You puncture the wraith!
You destroy the wraith!
Your Fighting skill increases to level 4!
Your Stealth skill increases to level 6!
You have reached level 7!
Your scales start taking on a rich purple colour.
You learn Spellcasting much quicker.
Your Spellcasting skill increases to level 4!
You learn Hexes much quicker.
Your Hexes skill increases to level 3!
You learn Evocations quicker.
You can breathe bolts of dispelling energy.
There is a stone staircase leading down, spattered with blood here.
You fly downwards.
Level annotation: Grinder Grinder closely misses you.
There is a stone staircase leading up here.
Unknown command.
You closely miss Grinder. Grinder closely misses you.
You closely miss Grinder. The ogre closely misses you.
Grinder blinks!
You puncture the ogre!
The ogre is moderately wounded.
You hit the ogre.
The ogre is poisoned.
The ogre is heavily wounded.
The ogre barely misses you. Grinder gestures at you.
You suddenly lose the ability to move!
The scorpion stings you. Grinder gestures at you.
You resist with almost no effort. The ogre hits you with a +0 giant club.
The scorpion stings you but does no damage. x2
The ogre hits you with a +0 giant club!!
* * * LOW HITPOINT WARNING * * *
Grinder blinks!
The scorpion stings you but does no damage.
The ogre hits you with a +0 giant club!!
You die...

#........# ..
#.######.#######z# #.#
#.......#.#
####.######..####+#.#
###...................#
......................#
...................5..##+###
......#.........§O..........
............#..#@s..#.......
........###.#..######.....O.
............................
.........##.##..#####.......
.........#......## ....###
#######..#..#....# .....
#..#..#..#.# ######
#........#.# #........#.#


You could see Grinder, an ogre (very poisoned) and a scorpion.

Vanquished Creatures
  A wraith (D:5)
  A phantom (D:5)
  2 hounds (D:5)
  Crazy Yiuf (D:5)
  A jelly (D:5)
  An iguana (D:5)
  Terence (D:2)
  An orc wizard (D:5)
  A sleepcap (D:6)
  8 gnolls
  5 adders
  A worm (D:3)
  A dart slug (D:1)
  5 orcs
  6 bats
  6 endoplasms
  2 giant cockroaches
  3 goblins
  6 hobgoblins
  4 jackals (D:1)
  A quokka (D:1)
  4 ball pythons
  A frilled lizard (D:3)
  8 kobolds
  10 rats
81 creatures vanquished.

Vanquished Creatures (others)
  A plant (D:2)
1 creature vanquished.

Grand Total: 82 creatures vanquished

Notes
Turn   | Place    | Note
-------+----------+-------------------------------------------
     0 | D:1      | ZappyNine the Draconian Enchanter began the quest for the
                  | Orb.
     0 | D:1      | Reached XP level 1. HP: 14/14 MP: 3/3
   219 | D:1      | Reached skill level 3 in Stealth
   243 | D:1      | Reached XP level 2. HP: 22/22 MP: 5/5
   280 | D:1      | Learned a level 2 spell: Ensorcelled Hibernation
   513 | D:1      | Reached skill level 1 in Fighting
   752 | D:1      | Reached XP level 3. HP: 28/28 MP: 6/6
  1163 | D:2      | Reached skill level 1 in Ice Magic
  1170 | D:2      | Reached XP level 4. HP: 15/36 MP: 5/7
  1325 | D:2      | Found a faded altar of an unknown god.
  1457 | D:2      | Noticed Terence
  1468 | D:2      | Killed Terence
  1469 | D:2      | Reached skill level 4 in Stealth
  1846 | D:2      | Learned a level 3 spell: Confusing Touch
  1999 | D:3      | Reached XP level 5. HP: 41/41 MP: 8/8
  2426 | D:3      | Found an opulent altar of Gozag.
  2936 | D:5      | Entered Level 5 of the Dungeon
  2954 | D:5      | Found a runed translucent door.
  2955 | D:5      | Noticed Crazy Yiuf
  3044 | D:5      | Reached skill level 5 in Stealth
  3123 | D:5      | Reached XP level 6. HP: 51/51 MP: 6/10
  3186 | D:5      | Found a shimmering blue altar of Sif Muna.
  3245 | D:5      | Identified the ring "Nulem" {Fly rElec rC- Will+}
  3736 | D:5      | Killed Crazy Yiuf
  3831 | D:6      | Noticed Grinder
  3833 | D:6      | Paralysed by Grinder for 4 turns
  3833 | D:6      | Noticed a wraith
  4014 | D:5      | Killed a wraith
  4015 | D:5      | Reached skill level 6 in Stealth
  4015 | D:5      | Your scales start taking on a rich purple colour.
  4015 | D:5      | Reached XP level 7. HP: 42/59 MP: 11/13
  4021 | D:6      | Paralysed by Grinder for 4 turns
  4025 | D:6      | Slain by an ogre

Illustrated notes

Levels and vault maps discovered:
D:1:      grunt_arrival_lava_bath, layout_basic
D:2:      layout_loops_ring, basic_ecumenical_altar, nicolae_grassy_gnolls,
          uniq_terence
D:3:      layout_loops_cross, nicolae_gozag_cash_rules_everything_around_me
D:4:      layout_basic, serial_shops, nicolae_shop_window_shopping,
          uniq_eustachio
D:5:      layout_rooms, overflow_temple_1_default, uniq_crazy_yiuf_cottage
D:6:      layout_basic, old_standard_altar, minmay_temple_entry_waves,
          kennysheep_nub, uniq_grinder, uniq_menkaure, uniq_pikel

Skill      XL: |  1  2  3  4  5  6 |
---------------+-------------------+-----
Stealth        | 3 4 5 6 |  6.2
Fighting       | 1 2 3 4 |  4.0
Ice Magic      | 1 |  1.6
Spellcasting   | 4 |  4.2
Hexes          | 3 |  3.2
Short Blades   | |  1.3
Dodging        | |  1.7

Action                     |  1- 3 |  4- 6 |  7- 9 || total
---------------------------+-------+-------+-------++-------
  Melee: Dagger            |    53 |       |       ||    53
         Tailslap          |    12 |    43 |       ||    55
         Short sword       |    58 |   209 |     4 ||   271
         Punch             |       |     2 |       ||     2
   Cast: Ensorcelled Hiber |     1 |     8 |       ||     9
         Confusing Touch   |       |     1 |       ||     1
    Use: Potion            |     1 |     6 |       ||     7
         Scroll            |       |    12 |       ||    12
   Stab: Sleeping          |     3 |    12 |       ||    15
         Invisible         |     4 |       |       ||     4
         Confused          |       |     2 |       ||     2
 Armour: Skin              |    24 |    69 |     3 ||    96
  Dodge: Dodged            |    64 |   121 |     4 ||   189

Table legend: (Time is in decaauts)
 A = Elapsed time spent in this place.
 B = Non-inter-level travel time spent in this place.
 C = Inter-level travel time spent in this place.
 D = Time resting spent in this place.
 E = Time spent auto-exploring this place.
 F = Levels seen in this place.
 G = Mean time per level.
                   A        B        C        D        E       F      G
               +--------+--------+--------+--------+--------+-----+--------+
         Total |   4053 |   3840 |    213 |    535 |   2462 |   6 |  675.5 |
       Dungeon |   4053 |   3840 |    213 |    535 |   2462 |   6 |  675.5 |
               +--------+--------+--------+--------+--------+-----+--------+

Top non-repeatable levels by time:
     D:1: 1080 daAuts
     D:5: 911 daAuts
     D:3: 806 daAuts
     D:2: 787 daAuts
     D:4: 401 daAuts
     D:6: 65 daAuts
